 Dungeon Crawl Stone Soup version 0.24-a0-584-g9d6b971ae4 (webtiles) character file.

Game seed: 7842511970460634069, levelgen mode: deterministic

1165 GameOver the Conjurer (level 8, -1/63 HPs)
             Began as a Naga Wizard on Aug 31, 2019.
             Was an Initiate of Okawaru.
             Killed from afar by a bog mummy (10 damage)
             ... with a puff of frost
             ... while paralysed
             ... in an ossuary.
             The game lasted 00:28:33 (4150 turns).

GameOver the Conjurer (Naga Wizard)                 Turns: 4150, Time: 00:28:34

Health: -1/63      AC:  5    Str: 11    XL:     8   Next: 40%
Magic:  8/14       EV:  1    Int: 20    God:    Okawaru [......]
Gold:   223        SH:  0    Dex:  9    Spells: 6/15 levels left

rFire    . . .     SeeInvis +   w - +1 rapier (speed)
rCold    . . .     Gourm    .   (no shield)
rNeg     . . .     Faith    .   a - +0 robe
rPois    +         Spirit   .   b - +0 hat
rElec    .         Reflect  .   (no cloak)
rCorr    .         Harm     .   A - +0 pair of gloves
MR       +....                  (no barding)
Stlth    ++++......             n - amulet of rage
HPRegen  0.20/turn              l - ring of stealth
MPRegen  0.14/turn              (no ring)

@: paralysed, berserk cooldown, slowed, very slow
A: large, rugged brown scales 1, see invisible, deformed body, poison
resistance, screaming 1, slowness 2, slow metabolism 1, spit poison 1,
MP-powered wands, AC +2
a: Spit Poison, Renounce Religion, Evoke Berserk Rage


You were in an ossuary.
You worshipped Okawaru.
Okawaru was noncommittal.
You were hungry.

You visited 1 branch of the dungeon, and saw 6 of its levels.
You also visited: Ossuary.

You collected 223 gold pieces.

Inventory:

Hand Weapons
 c - a +0 club
 o - a +0 hunting sling
 s - a +0 spear
 w - a +1 rapier of speed (weapon)
 C - a +0 long sword
Missiles
 p - 31 sling bullets
 x - 44 arrows
Armour
 a - a +0 robe (worn)
 b - a +0 hat (worn)
 A - a +0 pair of gloves (worn)
 G - the +0 pair of gloves "Hadimm" {+Fly MR- rCorr MP+9, unknown}
   (You found it on level 6 of the Dungeon)

   It affects your resistance to hostile enchantments.
   It affects your magic capacity (+9).
   It lets you fly.
   It provides partial protection from all sources of acid and corrosion.
Magical Staves
 t - an uncursed staff of fire
Jewellery
 l - a ring of stealth (left hand)
 n - an amulet of rage (around neck)
Wands
 D - a wand of acid (8)
Scrolls
 f - a scroll of blinking {unknown}
 g - 4 scrolls of teleportation
 h - 2 scrolls of fog
 k - 3 scrolls of amnesia
 u - 7 scrolls of remove curse
 v - a scroll of immolation {unknown}
 y - a scroll of enchant weapon {unknown}
 E - a scroll of random uselessness {unknown}
Potions
 e - 4 potions of agility
 i - 3 potions of curing
 j - a potion of might
 m - a potion of heal wounds
 z - a potion of berserk rage
Comestibles
 d - 13 rations


   Skills:
 - Level 2.0 Short Blades
 - Level 1.5 Dodging
 + Level 5.6 Stealth
 + Level 4.1 Spellcasting
 - Level 6.3 Conjurations
   Level 1.0 Summonings
 - Level 3.0 Translocations
 * Level 5.5 Poison Magic


You had 6 spell levels left.
You knew the following spells:

 Your Spells              Type           Power        Failure   Level  Hunger
a - Magic Dart            Conj           ####         1%          1    None
b - Blink                 Tloc           N/A          5%          2    #......
d - Mephitic Cloud        Conj/Pois/Air  ###.....     8%          3    ###....
f - Conjure Flame         Conj/Fire      ###.....     11%         3    ###....

Your spell library contained the following spells:

 Spells                   Type           Power        Failure   Level  Hunger
 Call Imp                 Summ           #.......     13%         2    #......
 Slow                     Hex            #.......     19%         2    #......


Dungeon Overview and Level Annotations

Branches:
Dungeon (6/15)            Ossuary (1/1)
 Temple: D:4-7

Altars:
Cheibriados
Fedhas
Makhleb
Okawaru
Sif Muna
The Shining One

Annotations:
D:4 1 runed translucent door


Innate Abilities, Weirdness & Mutations

You cannot wear boots.
Your serpentine skin is tough. (AC +2)
You have supernaturally acute eyesight. (SInv)
Armour fits poorly on your strangely shaped body.
Your system is resistant to poisons. (rPois)
You cover ground very slowly.
You have a slow metabolism.
You can spit poison.
You are partially covered in rugged brown scales. (AC +1, +3% HP)
You occasionally shout uncontrollably at your foes.
You expend magic power (3 MP) to strengthen your wands.


Message History

You puncture the adder zombie!
You destroy the adder zombie!
Okawaru accepts your kill.
A centaur zombie comes into view.
You shout at the centaur zombie!
The bog mummy hits you.
* * * LOW HITPOINT WARNING * * *
You puncture the bog mummy!
The bog mummy is heavily damaged.
You are feeling hungry.
You feel a strong urge to attack something.
You feel a little less agile now.
You enter the shallow water.
Moving in this stuff is going to be slow.
You feel your anger nearly subside.
You are no longer berserk.
You pass out from exhaustion.
You feel yourself slow down.
The centaur zombie is engulfed in blazing flames.
The bog mummy gestures at you while chanting.
The puff of frost hits you!
You die...

#+## ..'
#####.#
#...#.+
#.∩.'.###
#∩..#...#
#####.@## ##
#.'.Z.###≈#
###≈#≈#≈≈≈#
#Z≈°M≈#≈#
?!?'≈##≈≈≈≈#
#!!?#≈.§##≈##
#####.≈# ≈#
≈... # #.≈≈


You could see a bog mummy, a centaur zombie and a howler monkey zombie.

Vanquished Creatures
  The ghost of confidenceinterval the Skirmisher, an amateur HOMo (D:4)
  An ice beast (D:5)
  2 ogres
  A scorpion (D:5)
  A crimson imp (D:2)
  A centaur zombie (Ossuary)
  A bullfrog zombie (Ossuary)
  2 centaur skeletons
  A hound (D:4)
  A jelly (D:6)
  5 mummies (Ossuary)
  Jessica (D:3)
  2 worker ants
  2 orc wizards
  A killer bee zombie (D:5)
  A hound zombie (Ossuary)
  A howler monkey skeleton (D:4)
  A river rat (D:4)
  8 adders
  2 shadow imps
  An ooze (D:5)
  A worm zombie (D:6)
  2 adder zombies (Ossuary)
  3 worms
  5 dart slugs
  3 leopard geckos
  10 orcs
  4 ball pythons
  3 giant cockroaches
  8 goblins
  10 hobgoblins
  A jackal (D:6)
  2 quokkas
  6 bats
  3 frilled lizards
  9 kobolds
  9 rats
116 creatures vanquished.

Vanquished Creatures (others)
  4 withered plants (Ossuary)
4 creatures vanquished.

Grand Total: 120 creatures vanquished

Notes
Turn   | Place    | Note
-------+----------+-------------------------------------------
     0 | D:1      | GameOver the Naga Wizard began the quest for the Orb.
     0 | D:1      | Reached XP level 1. HP: 15/15 MP: 4/4
    82 | D:1      | Reached skill level 2 in Conjurations
    82 | D:1      | Reached XP level 2. HP: 22/22 MP: 6/6
   269 | D:1      | Reached XP level 3. HP: 28/28 MP: 3/7
   273 | D:1      | Learned a level 2 spell: Blink
   277 | D:1      | Learned a level 3 spell: Mephitic Cloud
   289 | D:1      | Reached skill level 3 in Conjurations
   460 | D:2      | Found a faded altar of an unknown god.
   536 | D:2      | Found a shimmering blue altar of Sif Muna.
   613 | D:2      | Found a burning altar of Makhleb.
   636 | D:2      | Reached skill level 4 in Conjurations
   636 | D:2      | Reached XP level 4. HP: 13/36 MP: 2/8
   793 | D:2      | Found a glowing golden altar of the Shining One.
  1087 | D:2      | Learned a level 3 spell: Conjure Flame
  1334 | D:3      | Reached XP level 5. HP: 42/42 MP: 5/9
  1492 | D:3      | Reached skill level 5 in Conjurations
  1523 | D:3      | Noticed Jessica
  1526 | D:3      | Killed Jessica
  2095 | D:4      | Reached XP level 6. HP: 49/49 MP: 8/10
  2134 | D:4      | Found a runed translucent door.
  2218 | D:4      | Reached skill level 6 in Conjurations
  2316 | D:4      | Reached skill level 1 in Poison Magic
  2429 | D:4      | Found a runed translucent door.
  2437 | D:4      | Found a snail-covered altar of Cheibriados.
  2473 | D:4      | Noticed confidenceinterval's ghost (amateur HOMo)
  2936 | D:5      | Entered Level 5 of the Dungeon
  2955 | D:5      | Reached XP level 7. HP: 29/55 MP: 5/11
  3128 | D:5      | Found an iron altar of Okawaru.
  3139 | D:5      | Became a worshipper of Warmaster Okawaru
  3258 | D:5      | Found a blossoming altar of Fedhas.
  3612 | D:4      | Killed confidenceinterval's ghost
  3612 | D:4      | Reached XP level 8. HP: 62/62 MP: 7/13
  3802 | D:6      | Reached skill level 5 in Stealth
  3873 | D:6      | Reached skill level 1 in Short Blades
  3900 | D:6      | Got a pair of spiked gloves
  3939 | D:6      | Found a sand-covered staircase.
  3958 | Ossuary  | Entered an ossuary
  3967 | Ossuary  | Reached skill level 5 in Poison Magic
  3979 | Ossuary  | Gained mutation: You occasionally shout uncontrollably at
                  | your foes. [potion of mutation]
  3979 | Ossuary  | Gained mutation: You expend magic power (3 MP) to
                  | strengthen your wands. [potion of mutation]
  3979 | Ossuary  | Gained mutation: You are partially covered in rugged brown
                  | scales. (AC +1, +3% HP) [potion of mutation]
  4150 | Ossuary  | Killed from afar by a bog mummy

Levels and vault maps discovered:
D:1:      zelgadis_glass_arrival_small, layout_rooms, minmay_misc_feat_room,
          minivault_4
D:2:      minmay_chambers_of_ones, layout_loops_ring, makhleb_grotto_becter,
          marbit_many_paths, chequers_ecumenical_altar_simple_redux,
          first_ration, grunt_decor_cap, lemuel_blue_sif_altar
D:3:      layout_basic, serial_bayou, serial_bayou_ford_a, serial_bayou_pond_b,
          serial_bayou_pond_c, serial_bayou_crossing, serial_bayou_pond_b,
          grunt_decor_mini_mirrors, uniq_jessica
D:4:      layout_cave_pods, cheibriados_altar_1, ebering_ghost_sewer_f
D:5:      layout_rooms, lemuel_doored_altar, overflow_temple_1_default
D:6:      layout_loops_ring, eat_drink_and_be_merry_uskayaw,
          minmay_temple_entry_waves, enter_ossuary_3, st_stairs_8
Ossuary:  ossuary_zaba_flooded

Skill      XL: |  1  2  3  4  5  6  7  8 |
---------------+-------------------------+-----
Conjurations   | 2 4 5 6 |  6.3
Poison Magic   | 2 4 5 |  5.5
Translocations | 2 3 |  3.0
Stealth        | 4 5 |  5.6
Short Blades   | 2 |  2.0
Spellcasting   | 4 |  4.1
Dodging        | |  1.5
Summonings     | |  1.0

Action                   |  1- 3 |  4- 6 |  7- 9 || total
-------------------------+-------+-------+-------++-------
Melee: Long sword        |    14 |       |       ||    14
       Spear             |     5 |    13 |    40 ||    58
       Rapier            |       |     4 |    58 ||    62
 Cast: Magic Dart        |    20 |    69 |    44 ||   133
       Conjure Flame     |       |     2 |    12 ||    14
       Mephitic Cloud    |       |     2 |     1 ||     3
       Blink             |       |       |     3 ||     3
 Abil: Spit Poison       |    25 |    46 |    19 ||    90
  Use: Scroll            |       |       |     7 ||     7
       Potion            |       |       |     7 ||     7
 Stab: Sleeping          |       |       |     1 ||     1
  Eat: Chunk             |       |     9 |     6 ||    15
Armor: Robe              |     5 |     3 |     6 ||    14
Dodge: Dodged            |    12 |    16 |    26 ||    54
       Rpst.: Long sword |     3 |       |       ||     3

Table legend:
 A = Non-vault XP
 B = Vault XP
 C = Vault XP percentage of total XP
 D = Non-vault monster count
 E = Vault monster count
 F = Vault count percentage of total count
                 A         B        C        D         E       F
            +---------+---------+-------+---------+---------+-------
      Total |    1040 |     625 |  37.5 |      84 |      32 |  27.6
            +---------+---------+-------+---------+---------+-------
        D:1 |      49 |       0 |   0.0 |      25 |       0 |   0.0
        D:2 |      36 |      65 |  64.4 |       7 |       7 |  50.0
        D:3 |     102 |      66 |  39.3 |      19 |       9 |  32.1
        D:4 |     256 |     234 |  47.8 |      14 |       5 |  26.3
        D:5 |     424 |       0 |   0.0 |      11 |       0 |   0.0
        D:6 |     173 |       7 |   3.9 |       8 |       1 |  11.1
    Ossuary |       0 |     253 | 100.0 |       0 |      10 | 100.0
            +---------+---------+-------+---------+---------+-------
